[Event "Late-Titled-Tuesday-Blitz-May-07-2024"]
[Site "Chess.com"]
[Date "2024.05.07"]
[Round "8"]
[White "Romadk"]
[Black "PapaieDudu"]
[Result "1-0"]
[WhiteElo "2498"]
[BlackElo "2358"]
[TimeControl "180+1"]
[EndTime "15:29:33 PDT"]
[Termination "Romadk won by checkmate"]

1. d4 d5 2. Nf3 Nf6 3. g3 e6 4. Bg2 Be7 5. c4 O-O 6. Nc3 a6 7. b3 b6 8. cxd5 Nxd5 9. Bb2 Bb7 10. O-O Nc6 11. Re1 f5 12. e4 Nxc3 13. Bxc3 Nb4 14. Ne5 fxe4 15. Bxe4 Bxe4 16. Rxe4 Qd5 17. Rg4 c5 18.
dxc5 Qxd1+ 19. Rxd1 Nd5 20. Rxd5 exd5 21. cxb6 Bc5 22. Nd3 Rf3 23. Rxg7+ Kf8 24. b7 Rb8 25. Rxh7 Bd6 26. Bb4 Bxb4 27. Nxb4 Kg8 28. Nc6 Kxh7 29. Nxb8 d4 30. Nd7 d3 31. b8=Q d2 32. Qd6 a5 33.
Qxd2 a4 34. Ne5 Rf6 35. Qd7+ Kg8 36. Qe7 Rh6 37. Qf7+ Kh8 38. g4 a3 39. g5 Rd6 40.
Ng6+ Rxg6 41. Qf8+ Kh7 42. Qxa3 Rxg5+ 43. Kf1 Kh6 44. Qc1 Kh5 45. Qxg5+ Kxg5 46. a4 Kf6 47. a5 Ke7 48. a6 Kd7 49. a7 Kc7 50. a8=Q Kb6 51.
Qd5 Kc7 52. h4 Kb6 53. h5 Kc7 54. h6 Kb6 55. h7 Kc7 56. h8=Q Kb6 57. Qf6+ Kc7 58.
Qe7+ Kc8 59. Qdd7+ Kb8 60. Qee8# 1-0

[Event "Late-Titled-Tuesday-Blitz-May-07-2024"]
[Site "Chess.com"]
[Date "2024.05.07"]
[Round "8"]
[White "NMJeevanK"]
[Black "ChristopherYoo"]
[Result "0-1"]
[WhiteElo "2761"]
[BlackElo "2987"]
[TimeControl "180+1"]
[EndTime "15:29:34 PDT"]
[Termination "ChristopherYoo won by resignation"]

1. e4 c5 2. Nc3 Nc6 3. Bb5 Nd4 4. Bc4 e6 5. Nge2 Nf6 6. O-O Be7 7. a4 O-O 8. e5 Ng4 9. Nxd4 Nxe5 10. Nxe6 dxe6 11.
Qe2 Nxc4 12. Qxc4 b6 13. Qe4 Rb8 14. d3 Bb7 15. Qg4 Bc6 16. Bf4 Rb7 17. Be5 g6 18.
Rfe1 Re8 19. Qh3 Rd7 20. Re3 Bf6 21. Rae1 Bxe5 22. Rxe5 Rd4 23. b3 Qf6 24. R5e3 Rf4 25. Qg3 h5 26. Ne4 Bxe4 27. Rxe4 Rxe4 28. dxe4 Rd8 29.
Qe3 Qb2 30. Qe2 Rd4 31. Rd1 e5 32. h3 Kg7 33. Kh2 Qc3 34. f3 h4 35. Kg1 g5 36.
Kh2 Kg6 37. Kg1 Rxd1+ 38. Qxd1 Qd4+ 39. Qxd4 exd4 40. Kf2 Kf6 41. Ke2 Ke5 42. Ke1 Kf4 43.
Ke2 Kg3 44. Kf1 f6 45. Kg1 a6 46. Kf1 b5 47. axb5 axb5 48. Kg1 c4 49. bxc4 bxc4 50. Kf1 d3 51. c3 d2 52. Ke2 Kxg2 53. f4 gxf4 54.
Kxd2 f3 55. Ke3 f2 56. Kf4 f1=Q+ 0-1

[Event "Late-Titled-Tuesday-Blitz-May-07-2024"]
[Site "Chess.com"]
[Date "2024.05.07"]
[Round "8"]
[White "bancsoo"]
[Black "IlanSchnaider"]
[Result "0-1"]
[WhiteElo "2854"]
[BlackElo "2730"]
[TimeControl "180+1"]
[EndTime "15:29:35 PDT"]
[Termination "IlanSchnaider won by resignation"]

1. Nf3 Nf6 2. g3 g6 3. Bg2 Bg7 4. d4 O-O 5. c4 Nc6 6. Nc3 d5 7. cxd5 Nxd5 8. O-O e5 9. Bg5 f6 10. Bc1 Nxc3 11. bxc3 e4 12. Nd2 f5 13. e3 Be6 14. a4 a5 15. Ba3 Re8 16. Rb1 b6 17. c4 Bf7 18. Qc2 Qd7 19. Rfc1 Rad8 20. c5 bxc5 21. Bxc5 Rb8 22. Bf1 Bd5 23. Bc4 Rxb1 24.
Rxb1 Kh8 25. Bxd5 Qxd5 26. Qc4 Qd7 27. Rb7 f4 28. gxf4 Qg4+ 29. Kh1 g5 30. Qf7 Qd1+ 31.
Kg2 Qg4+ 32. Kh1 Qd1+ 33. Kg2 Rg8 34. f5 Qg4+ 35. Kf1 Qd1+ 36. Kg2 Nd8 37. Qxg8+ Kxg8 38. Nxe4 Qg4+ 39. Ng3 Nxb7 40. Be7 h5 41. h3 Qd1 42. f6 Bxf6 43. Bxf6 Qxa4 44. Bxg5 Qc6+ 45. e4 a4 46. d5 Qc4 47. f3 a3 48. Bf6 a2 49. Nf5 Qc2+ 50.
Kg3 Nd6 51. Ne7+ Kf7 52. e5 a1=Q 53. exd6 Qxf6 0-1

[Event "Late-Titled-Tuesday-Blitz-May-07-2024"]
[Site "Chess.com"]
[Date "2024.05.07"]
[Round "8"]
[White "CarrotsandPizza"]
[Black "jaramsdal"]
[Result "1-0"]
[WhiteElo "2577"]
[BlackElo "2388"]
[TimeControl "180+1"]
[EndTime "15:29:35 PDT"]
[Termination "CarrotsandPizza won on time"]

1. e4 c5 2. Nf3 g6 3. d4 cxd4 4. Nxd4 Nc6 5. Nc3 Bg7 6. Be3 Nf6 7. Bc4 O-O 8. Bb3 Qa5 9. O-O Rd8 10. f4 d6 11. h3 Nh5 12. Nf3 Ng3 13. Re1 Bxc3 14. bxc3 Nxe4 15. Qd3 Bf5 16. g4 Nc5 17. Qe2 Be6 18. Nd4 Bxb3 19. axb3 Qxc3 20. Nb5 Qf6 21. Qf3 a6 22. Nc7 Rac8 23. Nd5 Qg7 24. Nb6 Rc7 25.
Rad1 Nb4 26. c3 Qxc3 27. Qg2 Nc2 28. Nd5 Nxe1 29. Qe2 Qxb3 30. Nxc7 Nc2 31. Bxc5 Qc3 32. Bf2 Qxc7 33. Rc1 Rc8 34. f5 Qc4 35. Qxe7 Qf4 36.
Qe2 Qxc1+ 37. Kg2 Qf4 38. Bg3 Qc4 39. Qe7 Nd4 40. Bf2 Qe2 41. f6 Qxe7 42. fxe7 Nc6 43. Bh4 Kg7 44. Bg3 Nxe7 45. Bxd6 Nd5 46. Be5+ f6 47. Bd4 Rc6 48. g5 b5 49. h4 Kf7 50.
Kf3 f5 51. Ke2 Ke6 52. Kd3 Rc4 53. Bg7 a5 54. Kd2 a4 55. Bf8 1-0

[Event "Late-Titled-Tuesday-Blitz-May-07-2024"]
[Site "Chess.com"]
[Date "2024.05.07"]
[Round "8"]
[White "IMRosen"]
[Black "RantomOpening"]
[Result "1-0"]
[WhiteElo "2640"]
[BlackElo "2502"]
[TimeControl "180+1"]
[EndTime "15:29:37 PDT"]
[Termination "IMRosen won by checkmate"]

1. a4 d5 2. Ra3 e6 3. g3 Bxa3 4. Nxa3 Nf6 5. b3 O-O 6. Bb2 b6 7. Bg2 Bb7 8. e3 Nbd7 9. Ne2 c5 10. O-O a6 11. h3 Qc7 12. g4 e5 13. d3 d4 14. e4 Kh8 15. Ng3 Ne8 16. Bc1 Nd6 17. g5 f5 18. Nc4 Nxc4 19. bxc4 f4 20. Nf5 Rxf5 21. exf5 Bxg2 22. Kxg2 Qc6+ 23. Qf3 Rc8 24.
Qxc6 Rxc6 25. Kf3 Rd6 26. Re1 Kg8 27. h4 Kf7 28. Bd2 a5 29. Ke4 h5 30. Rb1 g6 31.
Rb5 Kg7 32. Bxa5 bxa5 33. Rxa5 gxf5+ 34. Kxf5 e4 35. dxe4 d3 36. cxd3 Rxd3 37. Ra7 f3 38.
e5 Kf8 39. e6 Nb6 40. Kf6 Rd4 41. Rb7 Nc8 42. Rh7 Rf4+ 43. Ke5 Rxc4 44. Rh8+ Ke7 45.
Rxc8 Rc2 46. Rc7+ Kd8 47. Rd7+ Ke8 48. g6 Re2+ 49. Kf6 Rxf2 50. Rc7 Rg2 51. Rc8# 1-0

[Event "Late-Titled-Tuesday-Blitz-May-07-2024"]
[Site "Chess.com"]
[Date "2024.05.07"]
[Round "8"]
[White "Hikaru"]
[Black "Oleksandr_Bortnyk"]
[Result "1-0"]
[WhiteElo "3228"]
[BlackElo "3074"]
[TimeControl "180+1"]
[EndTime "15:29:38 PDT"]
[Termination "Hikaru won by checkmate"]

1. d4 Nf6 2. Bg5 b6 3. c4 Bb7 4. Nc3 g6 5. f3 Bg7 6. e4 d6 7. Qd2 h6 8. Be3 c5 9. d5 Na6 10. Nh3 Nc7 11. Nf2 e6 12. Be2 exd5 13. cxd5 h5 14.
O-O O-O 15. a4 Re8 16. Rfe1 a6 17. Rab1 Nd7 18. b4 Qf6 19. Rec1 Bc8 20. a5 cxb4 21. Rxb4 bxa5 22. Rbb1 Bh8 23. Na4 Nb5 24. Qxa5 Nd4 25. Bd1 Nf5 26. Bd2 Nh4 27. Qc3 Ne5 28. Qe3 Bd7 29. Nb6 Rab8 30. Nxd7 Nxd7 31. Bc3 Qe7 32.
Rxb8 Rxb8 33. Bxh8 Kxh8 34. Qc3+ Kh7 35. g3 Nc5 36. gxh4 Qxh4 37. Qe3 Rb2 38. Rc2 Rb1 39. Kg2 a5 40. e5 Rb3 41. Rc3 Rxc3 42. Qxc3 Qg5+ 43. Kf1 Qxe5 44. Qxe5 dxe5 45. Ne4 Nd7 46.
Ba4 Nb6 47. d6 f5 48. Nc5 Kg7 49. d7 Nxd7 50. Nxd7 e4 51. f4 h4 52. Kf2 Kh6 53. Ne5 g5 54. Nf7+ Kh5 55. Nxg5 Kg4 56. Ne6 Kh3 57.
Ng7 Kg4 58. Ke3 h3 59. Bd1+ Kh4 60. Nxf5# 1-0

[Event "Late-Titled-Tuesday-Blitz-May-07-2024"]
[Site "Chess.com"]
[Date "2024.05.07"]
[Round "8"]
[White "Seppppppy"]
[Black "FredddieCroderg"]
[Result "1-0"]
[WhiteElo "2200"]
[BlackElo "2388"]
[TimeControl "180+1"]
[EndTime "15:29:40 PDT"]
[Termination "Seppppppy won on time"]

1. e4 c6 2. d4 d5 3. e5 Be6 4.
Bd3 h5 5. f4 Qc8 6. Ne2 Bf5 7.
Ng3 Bxd3 8. Qxd3 h4 9. Ne2 e6 10. c4 Nh6 11. cxd5 cxd5 12. Bd2 Qc4 13. Qxc4 dxc4 14.
Nbc3 a6 15. d5 Bc5 16. Ne4 Nd7 17. d6 Nf5 18. Rc1 b5 19. b3 Ba3 20. Rc2 Nb6 21.
Ba5 Ne3 22. Bxb6 Nxc2+ 23. Kd2 Nb4 24. Bc5 cxb3 25. axb3 a5 26. Nd4 f5 27. Ng5 Rc8 28. Ngxe6 Kf7 29. d7 Rxc5 30. Nxc5 Nd5 31. e6+ Ke7 32.
Nc6+ Kd6 33. d8=Q+ Rxd8 34. Nxd8 Bxc5 35. Nb7+ Kc6 36.
Rc1 Kxb7 37. Rxc5 Ne7 38. Rxb5+ Ka6 39. Re5 Kb6 40. Kc3 Kc6 41. Rxa5 Kd6 42. Ra6+ Kd5 43.
b4 Ke4 44. Ra7 Nd5+ 45. Kb3 Kxf4 46. e7 Nf6 47. Ra6 Ne8 48. b5 Ke3 49. b6 Kf2 50. b7 1-0

[Event "Late-Titled-Tuesday-Blitz-May-07-2024"]
[Site "Chess.com"]
[Date "2024.05.07"]
[Round "8"]
[White "GMMikhailKazakov"]
[Black "ozates"]
[Result "0-1"]
[WhiteElo "2520"]
[BlackElo "2649"]
[TimeControl "180+1"]
[EndTime "15:29:41 PDT"]
[Termination "ozates won by checkmate"]

1. d4 Nf6 2. c4 e6 3. Nc3 d5 4.
e3 Be7 5. Nf3 O-O 6. Bd3 dxc4 7.
Bxc4 a6 8. O-O b5 9. Bd3 c5 10. Qe2 Bb7 11. Rd1 c4 12. Bc2 b4 13. Na4 Qc7 14. e4 h6 15. Ne5 Nbd7 16. Nxc4 Rac8 17. b3 e5 18. d5 Nc5 19. Nxc5 Bxc5 20. Bb2 Nd7 21. Bd3 Rfe8 22. Rac1 Qd8 23. g3 a5 24.
h4 Ba6 25. Ne3 Bxd3 26. Qxd3 Qf6 27. Qe2 Bd4 28. Rxc8 Rxc8 29. Nc4 a4 30. Bxd4 exd4 31. e5 Qa6 32. Rxd4 axb3 33. axb3 Nc5 34. Qf3 Rd8 35. d6 Ne6 36. Rd1 Qb5 37. Kg2 Qd7 38. Qd5 Qa7 39.
Qf3 Qd7 40. Ne3 Rc8 41. Nd5 Rc2 42. Nxb4 Rb2 43. Nd5 Kh8 44. Ne7 Nd8 45. Rc1 g6 46.
Rc8 Rd2 47. Qf6+ Kh7 48. Nf5 gxf5 49. Rxd8 Qc6+ 50. Kh3 Qh1# 0-1

[Event "Late-Titled-Tuesday-Blitz-May-07-2024"]
[Site "Chess.com"]
[Date "2024.05.07"]
[Round "8"]
[White "dealshark"]
[Black "maracayo"]
[Result "0-1"]
[WhiteElo "2523"]
[BlackElo "2389"]
[TimeControl "180+1"]
[EndTime "15:29:41 PDT"]
[Termination "maracayo won by resignation"]

1. e4 d6 2. d4 Nf6 3. Nc3 c6 4. Nf3 Qa5 5. Bd3 e5 6. dxe5 dxe5 7. O-O Be7 8. h3 O-O 9. Bd2 Qc7 10. Qe2 b5 11. a3 a6 12. Rad1 Re8 13. Rfe1 h6 14. Nh2 Nbd7 15. Ng4 Nxg4 16. hxg4 Nc5 17. Qf3 Ne6 18.
Ne2 Bg5 19. Ng3 Bxd2 20. Rxd2 g6 21. c3 Qe7 22. Red1 Qh4 23. Nf1 Ng5 24. Qg3 Qxg3 25.
Nxg3 Bxg4 26. f3 Bxf3 27. gxf3 Nxf3+ 28. Kf2 Nxd2 29. Rxd2 Rad8 30. Ke3 Kg7 31. Rg2 Kf6 32. Bc2 h5 33. Rf2+ Ke7 34. Bb3 Rf8 35. c4 h4 36. Ne2 f5 37. exf5 Rxf5 38. Rg2 Kf6 39.
Nc3 Rd4 40. Bc2 h3 41. Rh2 Rh5 42. Ne4+ Kg7 43. cxb5 axb5 44. Bb3 Rh4 45. Ng3 Kh6 46. Be6 b4 47. a4 b3 48. Bxb3 Rb4 49. Bd1 Rbd4 50.
Bf3 Rxa4 51. Be4 Rb4 52. Bxc6 Rb3+ 53. Kf2 Rf4+ 54. Kg1 Rxg3+ 55. Bg2 Rxg2+ 56. Rxg2 hxg2 57. Kxg2 Rb4 58. Kg3 Kg5 59. Kg2 Rb3 60. Kf1 Kf4 61. Ke1 Rxb2 62. Kd1 Rh2 63. Kc1 g5 64. Kb1 g4 0-1

[Event "Late-Titled-Tuesday-Blitz-May-07-2024"]
[Site "Chess.com"]
[Date "2024.05.07"]
[Round "8"]
[White "TheDiscoOne"]
[Black "egnfanclub"]
[Result "1/2-1/2"]
[WhiteElo "2494"]
[BlackElo "2335"]
[TimeControl "180+1"]
[EndTime "15:29:41 PDT"]
[Termination "Game drawn - insufficient material"]

1. c4 c5 2. g3 Nf6 3. Bg2 d5 4. cxd5 Nxd5 5. Nc3 Nc7 6. Nf3 Nc6 7. O-O e5 8. d3 Be7 9. Be3 O-O 10. Rc1 b6 11. Nd2 Bd7 12. Nc4 f6 13. Nd5 Nxd5 14. Bxd5+ Kh8 15.
a3 Rc8 16. Qd2 Bh3 17. Bg2 Bxg2 18. Kxg2 f5 19. f4 Qd5+ 20. Kg1 e4 21. dxe4 Qxe4 22. Qc2 Nd4 23. Bxd4 cxd4 24. Qxe4 fxe4 25. Ne5 Kg8 26.
Kf2 a5 27. Rfd1 Bc5 28. Nd7 Rfd8 29. Nxc5 bxc5 30. Rc4 Rb8 31. Rxc5 Rxb2 32. Re5 d3 33. Rxe4 d2 34. e3 Rb3 35. Ke2 Rxa3 36. Rxd2 Rxd2+ 37. Kxd2 Ra2+ 38. Kd3 Rxh2 39. Re7 Rg2 40. Ra7 Rxg3 41.
Rxa5 Rg1 42. Ra7 h5 43. Ke4 h4 44. f5 h3 45. Ra2 Rg2 46. Ra1 h2 47. Rh1 Kf7 48. Kf3 Ra2 49. Kg3 Kf6 50. Rxh2 Rxh2 51.
Kxh2 Kxf5 52. Kg3 g6 53. Kf3 Ke5 54. Kg3 Kf5 55. Kf3 g5 56. Kg3 Ke4 57. Kg4 Kxe3 58.
Kxg5 1/2-1/2

[Event "Late-Titled-Tuesday-Blitz-May-07-2024"]
[Site "Chess.com"]
[Date "2024.05.07"]
[Round "8"]
[White "kingofthenil"]
[Black "Veleamater"]
[Result "1-0"]
[WhiteElo "2828"]
[BlackElo "2438"]
[TimeControl "180+1"]
[EndTime "15:29:43 PDT"]
[Termination "kingofthenil won by resignation"]

1. e4 d6 2. d4 g6 3. Nc3 Bg7 4.
Nf3 Nf6 5. Bg5 h6 6. Bf4 O-O 7. Qd2 Kh7 8. O-O-O Nc6 9. h4 a6 10. Bd3 Bg4 11. h5 Nxh5 12. Be3 Bxf3 13. gxf3 e5 14. dxe5 Nxe5 15. Be2 b5 16. f4 Nc4 17. Bxc4 bxc4 18. f5 Rb8 19. Rdg1 Qf6 20. Rg4 Rg8 21.
Rhg1 Bf8 22. Bd4 Qd8 23. Nd5 c6 24. Nf4 Nxf4 25. Qxf4 Qe8 26. Bc3 Rb5 27. f3 a5 28.
fxg6+ fxg6 29. Qf6 g5 30. e5 Qg6 31. Qxg6+ Kxg6 32. f4 dxe5 33. fxg5 h5 34. Rxc4 c5 35. a4 Rb7 36.
Bxa5 Rf7 37. Bc3 Bd6 38. a5 h4 39. Rd1 h3 40. Rxd6+ Kf5 41. Rh4 Rxg5 42. Rxh3 Rg1+ 43.
Kd2 Rfg7 44. Rf3+ Ke4 45. Rf2 R1g2 46. Re2+ Rxe2+ 47. Kxe2 Rg2+ 48. Kd1 Rg1+ 49. Be1 Rg6 50. Rxg6 c4 51. a6 c3 52. Bxc3 1-0

[Event "Late-Titled-Tuesday-Blitz-May-07-2024"]
[Site "Chess.com"]
[Date "2024.05.07"]
[Round "8"]
[White "Akhayan"]
[Black "manmanlai1"]
[Result "0-1"]
[WhiteElo "2427"]
[BlackElo "2586"]
[TimeControl "180+1"]
[EndTime "15:29:45 PDT"]
[Termination "manmanlai1 won by resignation"]

1. e4 c5 2. Nf3 e6 3. d4 cxd4 4. c3 dxc3 5. Nxc3 Nc6 6. Bc4 Nf6 7. O-O d6 8. Qe2 Be7 9. Rd1 Qa5 10. Bd2 Qh5 11. Nb5 O-O 12. Bc3 Rd8 13. e5 dxe5 14.
Rxd8+ Bxd8 15. Rd1 e4 16. Ne5 Qxe2 17. Bxe2 Be7 18.
Nd6 Nxe5 19. Bxe5 Kf8 20. Bxf6 gxf6 21. Nxe4 a6 22. Bf3 Rb8 23. Nd6 Bxd6 24. Rxd6 Ke7 25. Rd2 Bd7 26. Rc2 Rc8 27. Rxc8 Bxc8 28. Kf1 Kd6 29.
Ke2 Kc5 30. Kd3 b6 31. Kc3 a5 32. a3 e5 33. b4+ Kd6 34. Bd1 Be6 35. g3 h6 36. Bf3 f5 37. Be2 f6 38. Bf1 Bd5 39. Bd3 Be4 40. Be2 Bc6 41. Kc4 Bd7 42. Bd1 Be8 43. Bc2 Bd7 44. Bd1 f4 45. Bc2 fxg3 46.
hxg3 f5 47. Bd1 Bc6 48. Bc2 f4 49. Bd1 fxg3 50. fxg3 Ke6 51. bxa5 bxa5 52. Kc5 Be8 53. Kb6 a4 54. Kc5 Kf5 55. Kd5 Bf7+ 56. Kd6 Bb3 57. Be2 e4 58. Bf1 Bc2 59. Be2 Bd3 60. Bd1 e3 61. Kc5 e2 62. Bxe2 Bxe2 63. Kb4 Bd1 0-1

[Event "Late-Titled-Tuesday-Blitz-May-07-2024"]
[Site "Chess.com"]
[Date "2024.05.07"]
[Round "8"]
[White "Stanbad1"]
[Black "YouShallNotPass001"]
[Result "1/2-1/2"]
[WhiteElo "2616"]
[BlackElo "2479"]
[TimeControl "180+1"]
[EndTime "15:29:48 PDT"]
[Termination "Game drawn - insufficient material"]

1. d4 Nf6 2. Nc3 e6 3. e4 d5 4. Bg5 dxe4 5. Nxe4 Nbd7 6. Nf3 Be7 7. Nxf6+ Nxf6 8.
c3 h6 9. Bf4 b6 10. Bb5+ Bd7 11. Qe2 c6 12. Bd3 c5 13. dxc5 bxc5 14. Rd1 Qb6 15. Ne5 O-O 16. O-O Rfd8 17. Qc2 Bb5 18. Bxb5 Qxb5 19. Rfe1 Rab8 20. b3 Nd5 21. c4 Nb4 22.
cxb5 Nxc2 23. Rxd8+ Rxd8 24. Rc1 Nd4 25. Kf1 f6 26. Ng6 Kf7 27. Nxe7 Kxe7 28. Rxc5 Rd5 29. Rxd5 exd5 30. Be3 Nxb5 31. a4 d4 32. Bf4 Nc3 33. Ke1 a6 34. f3 Ke6 35. Kd2 Kd5 36. Kd3 Kc5 37. Bd2 Nd5 38. g3 f5 39. Ba5 Nb4+ 40.
Kd2 Nc6 41. Bc7 Kb4 42. Kc2 d3+ 43. Kb2 d2 44. Bd6+ Ka5 45. Kc2 Nd4+ 46. Kxd2 Nxf3+ 47. Kc3 Kb6 48. h4 g5 49. h5 Nh2 50. Bf8 Ng4 51. Bg7 Kc6 52. Kd4 Kd6 53. b4 Kc6 54. Kc4 Ne3+ 55.
Kd3 Ng4 56. Bf8 Kd5 57. b5 axb5 58. axb5 Nf6 59. Bxh6 Nxh5 60. Bxg5 Nxg3 61. Be3 Ne4 62. b6 Kc6 63. Bd4 Nd6 64. Ke3 Nc4+ 65. Kf4 Nxb6 66. Bxb6 Kxb6 67. Kxf5 1/2-1/2

[Event "Late-Titled-Tuesday-Blitz-May-07-2024"]
[Site "Chess.com"]
[Date "2024.05.07"]
[Round "8"]
[White "SRob2003"]
[Black "Yaacovn"]
[Result "0-1"]
[WhiteElo "2687"]
[BlackElo "2846"]
[TimeControl "180+1"]
[EndTime "15:29:49 PDT"]
[Termination "Yaacovn won on time"]

1. d4 Nf6 2. c4 e5 3. dxe5 Ne4 4. Nf3 Nc6 5. a3 d6 6. exd6 Bxd6 7. e3 Bf5 8. Bd3 Qe7 9. Qc2 Bg6 10. Nbd2 Ng5 11. b4 O-O-O 12. Bxg6 hxg6 13. c5 Be5 14. Bb2 Qf6 15.
O-O-O Bxb2+ 16. Qxb2 Qe7 17. Qxg7 Ne6 18. Qc3 a5 19.
Nc4 axb4 20. axb4 Kb8 21. Nfe5 Nxe5 22. Qxe5 Rh5 23. Rxd8+ Qxd8 24. Qc3 Qd5 25. f3 Qc6 26. h3 Nxc5 27. Nd2 Nd3+ 28. Kc2 Nxb4+ 29. Kb3 Qe6+ 30. Qc4 Qxe3+ 31. Qc3 Qe6+ 32. Qc4 Rd5 33. Ne4 Rd3+ 34. Kxb4 Qb6+ 35. Ka4 Rd4 36. Rc1 c6 37. Qxd4 Qxd4+ 38. Kb3 Qd3+ 39. Rc3 Qb1+ 40. Ka3 Qa1+ 41. Kb3 Qf1 42.
Rc2 Qb5+ 43. Ka2 f5 44. Nc5 Qa5+ 45. Kb2 Qb4+ 46. Nb3 Kc7 47. g4 Qf4 48. gxf5 Qxf5 49. Rc3 Qxh3 50. Nd2 Qh2 51. Kc2 Qe2 52. Rd3 b5 53. Ra3 c5 54. Ra6 Qe8 55. Ra7+ Kb6 56. Ra3 Qe6 57. Rd3 Qf5 58. Kc3 b4+ 59. Kc4 Qe6+ 60. Rd5 Kc6 0-1

[Event "Late-Titled-Tuesday-Blitz-May-07-2024"]
[Site "Chess.com"]
[Date "2024.05.07"]
[Round "8"]
[White "tolimachess"]
[Black "th3d4rkness"]
[Result "0-1"]
[WhiteElo "2380"]
[BlackElo "2219"]
[TimeControl "180+1"]
[EndTime "15:29:49 PDT"]
[Termination "th3d4rkness won by checkmate"]

1. e4 c5 2. Nf3 Nc6 3. d4 cxd4 4. Nxd4 Nf6 5. Nc3 e5 6. Ndb5 d6 7. Bg5 a6 8. Na3 b5 9. Nd5 Qa5+ 10. c3 Nxe4 11. b4 Qxa3 12. Bc1 Qa4 13. Qd3 Nxb4 14. cxb4 Bf5 15. a3 Rc8 16. Nb6 Qc2 17. Nxc8 Qxc8 18. g4 Bg6 19. Bg2 Nxf2 20. Qf3 Nxh1 21. Qc6+ Qxc6 22.
Bxc6+ Kd8 23. Bxh1 Be7 24. Be3 Bh4+ 25. Ke2 Kd7 26.
Bb7 Rb8 27. Bxa6 d5 28. Bc5 d4 29. a4 bxa4 30. b5 e4 31. Rxa4 d3+ 32. Kd1 e3 33.
Bxe3 Re8 34. Rd4+ Kc7 35. Bf4+ Kb6 36. Rd6+ Ka5 37. Bd2+ Ka4 38. Rd4+ Ka3 39. b6 Be4 40. Bc1+ Kb3 41. Bxd3 Bf3+ 42. Be2 Bxe2+ 43. Kd2 Bg5+ 44.
Ke1 Bxc1 45. b7 Bf3+ 46. Kf2 Bxb7 47. Rd7 Bc6 48. Rxf7 Bd2 49. Rxg7 Be4 50. Rd7 Bb4 51. h4 Bc5+ 52. Kg3 Bc6 53. Rc7 Bd6+ 54. Kh3 Re3# 0-1

[Event "Late-Titled-Tuesday-Blitz-May-07-2024"]
[Site "Chess.com"]
[Date "2024.05.07"]
[Round "8"]
[White "Abund"]
[Black "KuzubovYuriy"]
[Result "0-1"]
[WhiteElo "2776"]
[BlackElo "2950"]
[TimeControl "180+1"]
[EndTime "15:29:51 PDT"]
[Termination "KuzubovYuriy won by checkmate"]

1. e4 c5 2. Nf3 Nc6 3. Bb5 d6 4. O-O Bd7 5. Re1 Nf6 6. c3 a6 7. Bf1 Bg4 8. h3 Bxf3 9. Qxf3 e6 10. d3 Be7 11. Qg3 Rg8 12. f4 g5 13. fxg5 h6 14. g6 Rxg6 15. Qf2 Nh5 16. Qf3 Bh4 17. Rd1 Ng3 18. Bf4 Ne5 19. Qe3 Nh5 20. d4 Nxf4 21.
Qxf4 Rf6 22. Qc1 cxd4 23. cxd4 Rc8 24. Nc3 Qb6 25. Kh1 Ng6 26. Rb1 Ke7 27. Qxh6 Rh8 28. Qe3 Bf2 29. Qd3 Nf4 30. Qd2 Nh5 31. e5 Rf4 32.
Ne2 Ng3+ 33. Nxg3 Bxg3 34. Qe3 Rg8 35. Rbc1 dxe5 36. Qe2 exd4 37. Rc4 Bf2 38. Qe5 Be3 39. Be2 Rd8 40. Bf3 Qd6 41. Qg5+ Kd7 42. Qh5 Rg8 43. Rc2 Ke7 44. Bxb7 Rf5 45. Qe2 Qg3 46.
Bf3 Bf4 47. Kg1 Qh2+ 48. Kf2 Be3+ 49. Ke1 Qg3+ 50. Kf1 Qxh3 51. Rxd4 Qh1# 0-1

[Event "Late-Titled-Tuesday-Blitz-May-07-2024"]
[Site "Chess.com"]
[Date "2024.05.07"]
[Round "8"]
[White "Axf7"]
[Black "dolynachess"]
[Result "1-0"]
[WhiteElo "2081"]
[BlackElo "2522"]
[TimeControl "180+1"]
[EndTime "15:29:51 PDT"]
[Termination "Axf7 won on time"]

1. e4 c5 2. Nf3 d6 3. d4 cxd4 4. Nxd4 Nf6 5. Nc3 g6 6. Be3 Nc6 7. f3 h5 8. Qd2 Nxd4 9. Bxd4 Bh6 10. Be3 Bxe3 11. Qxe3 Be6 12. Bb5+ Kf8 13. Ba4 Qa5 14. O-O Rc8 15. Bb3 Qc5 16. Qxc5 Rxc5 17. Bxe6 fxe6 18.
Rf2 Kf7 19. Nd1 b5 20. Ne3 Rhc8 21. a3 a5 22. Kf1 Nd7 23. Ke1 Nb6 24. Kd1 Na4 25.
c3 d5 26. exd5 exd5 27. Rd2 Nb6 28. Ke2 a4 29. f4 e6 30. g3 Kf6 31. Re1 Rb8 32.
Kf3 Nc4 33. Nxc4 bxc4 34. Ree2 Rc7 35. h3 Rb6 36. Ke3 g5 37. fxg5+ Kxg5 38. Kd4 Kf6 39. Rf2+ Ke7 40. Rde2 Rc8 41. Re5 Rg8 42. Re3 Rg5 43.
Ref3 Kd6 44. Re2 e5+ 45. Ke3 Kc5 46. Kf2 d4 47. Rf8 d3 48. Rd2 e4 49. Re8 Kd5 50.
Rd8+ Rd6 51. Re8 Re6 52. Rd8+ Kc6 53. Ke3 Rf5 54. Rc8+ Kd7 55. Rxc4 Rf3+ 56. Kd4 Rxg3 57. Rxa4 Rxh3 58. Ra7+ Ke8 59. c4 Rh4 60. Ke3 Rh3+ 61. Kd4 Rg3 62. c5 h4 63. c6 Rxc6 64. Kxe4 h3 65.
Ra8+ Kf7 66. Rxd3 Re6+ 67. Kf4 1-0

[Event "Late-Titled-Tuesday-Blitz-May-07-2024"]
[Site "Chess.com"]
[Date "2024.05.07"]
[Round "8"]
[White "Oleg_Papayan"]
[Black "scandalgod"]
[Result "1-0"]
[WhiteElo "2650"]
[BlackElo "2525"]
[TimeControl "180+1"]
[EndTime "15:29:53 PDT"]
[Termination "Oleg_Papayan won by checkmate"]

1. e4 e5 2. Nf3 Nc6 3. Bb5 a6 4. Bxc6 dxc6 5. Nc3 f6 6. d4 exd4 7. Qxd4 Qxd4 8. Nxd4 Bd7 9. Be3 O-O-O 10. f3 Bb4 11. Ne2 Ne7 12. Kf2 Rhe8 13. g4 Ng6 14. h4 Ne5 15. b3 b6 16. h5 a5 17. a3 Bd6 18. a4 Kb7 19. Rad1 Bc8 20. Nd4 Bb4 21. Nce2 Rh8 22. Nf5 g6 23. Nfg3 Rdf8 24. hxg6 hxg6 25. Nf4 g5 26. Nfh5 c5 27. Nf5 Be6 28. Nhg7 Bc8 29. c4 Nc6 30. Kg3 Bc3 31. f4 gxf4+ 32. Bxf4 Be5 33. Kf3 Rfg8 34. g5 fxg5 35. Bxe5 Nxe5+ 36. Ke3 Rxh1 37. Rxh1 g4 38. Rg1 Rh8 39. Kf4 Rh3 40.
Kxe5 Rf3 41. Nh5 Rxb3 42. Rxg4 Rb4 43. Nf6 Rxc4 44. Nd5 Rd4 45. Rg7 Kb8 46. Rf7 Rxa4 47. Rxc7 Rd4 48. Rc6 Bb7 49. Rxb6 Ka7 50. Rb5 c4 51.
Rxa5+ Kb8 52. Rb5 Rd1 53. Nd6 c3 54. Rxb7+ Ka8 55. Nc7# 1-0

[Event "Late-Titled-Tuesday-Blitz-May-07-2024"]
[Site "Chess.com"]
[Date "2024.05.07"]
[Round "8"]
[White "Firouzja2003"]
[Black "DominguezOnYoutube"]
[Result "1/2-1/2"]
[WhiteElo "3191"]
[BlackElo "3026"]
[TimeControl "180+1"]
[EndTime "15:29:57 PDT"]
[Termination "Game drawn by repetition"]

1. b3 d5 2. Bb2 Nf6 3. g3 e6 4.
Bg2 Be7 5. e3 O-O 6. Nf3 c5 7.
O-O Nc6 8. d4 cxd4 9. exd4 b6 10. Re1 Bb7 11. Nbd2 Rc8 12. c3 Re8 13. Qc2 Bf8 14.
Rad1 g6 15. Qb1 Bg7 16. Ne5 Qc7 17. f4 Ne7 18. Ndf3 Nf5 19. Ng5 Nd6 20. Ba3 Nb5 21. Bb2 Nd6 22. Ba3 Nfe4 23. Bxe4 Nxe4 24. Ngxf7 Nxc3 25. Qd3 Nxd1 26. Nd6 Nc3 27. Nxe8 Rxe8 28. Rc1 Rc8 29. Bb2 Bxe5 30. fxe5 Qf7 31. Bxc3 Qf5 32. Qxf5 gxf5 33. Kf2 Ba6 34. Ke3 Kf7 35. Bd2 Rxc1 36.
Bxc1 Bb5 37. a4 Bd7 38. Ba3 a6 39. Bd6 b5 40. a5 b4 41. Bxb4 Bb5 42. Bd6 Kg6 43.
Be7 h5 44. Kd2 Bf1 45. Kc3 Bb5 46. Kb4 Kf7 47. Bg5 Be2 48. Bf4 Bd3 49. Kc5 Bb5 50. Kd6 Bd3 51. Bc1 Bc2 52. b4 Bd3 53.
Kc5 Bb5 54. Bd2 Bd3 55. Bf4 Bb5 56. Bd2 Bd3 57. Bf4 Bb5 58. Bd2 1/2-1/2

[Event "Late-Titled-Tuesday-Blitz-May-07-2024"]
[Site "Chess.com"]
[Date "2024.05.07"]
[Round "8"]
[White "rdarruda"]
[Black "EliteChess0967"]
[Result "0-1"]
[WhiteElo "2553"]
[BlackElo "2425"]
[TimeControl "180+1"]
[EndTime "15:29:57 PDT"]
[Termination "EliteChess0967 won by resignation"]

1. d4 Nf6 2. Nf3 d5 3. c4 c6 4. e3 a6 5. Nc3 Bg4 6. b3 e6 7. Be2 Bb4 8. Bd2 Nbd7 9. O-O O-O 10. Qc2 Bf5 11. Bd3 Bxc3 12. Bxc3 Bxd3 13. Qxd3 Ne4 14.
Bb4 Re8 15. Nd2 Ndf6 16. f3 Nxd2 17. Bxd2 e5 18. dxe5 Rxe5 19. Bc3 Re6 20. Rad1 h6 21. Bxf6 Qxf6 22. cxd5 cxd5 23. Qxd5 Rxe3 24. Qxb7 Rae8 25. Rd2 Qg5 26. Rdf2 R8e6 27. Qc8+ Kh7 28. Qc2+ g6 29. f4 Qf5 30. Qxf5 gxf5 31. g3 Rc6 32. Rd2 Kg6 33. Kf2 Rce6 34. Kg2 h5 35. Rf3 Re1 36. Kf2 Rh1 37. Kg2 Ree1 38. Rff2 Rhg1+ 39. Kf3 Ra1 40. Rfe2 f6 41. Rd6 h4 42. gxh4 Rg4 43. Rg2 Rf1+ 44. Rf2 Rxf4+ 45. Kxf4 Rxf2+ 46. Kg3 Rxa2 47. h5+ Kxh5 48.
Rxf6 Kg5 49. Rb6 f4+ 50. Kh3 Kf5 51. Rb8 Ke4 52. Re8+ Kf3 53. Ra8 Ra3 54. b4 Kf2+ 55. Kg4 f3 56. b5 Ra4+ 57. Kh3 axb5 58. Rb8 Rb4 59. Rb7 Ke2 60. Re7+ Kf1 61. Kg3 f2 62. Rf7 Rb3+ 63. Kg4 Kg1 64. h4 f1=Q 0-1